cohdb
Replays
Latest Replays
All Replays
Popular Replays
Top Player Replays
Match Explorer
How It Works
Community
CoH3 Stats
Reddit
Sign in to upload your games and track your stats! →
Sign in with Steam
Match 45663556
Unlisted
Match 45663556
Overview
Messages
Build Orders
End
Engineer Squad
Construct Barracks
Riflemen Squad
Selects Armored Battlegroup
Selects Veteran Crews
1⁄4-ton 4x4 Truck
Riflemen Squad
M1 Mortar Team
Construct Medical Station
Mechanized Support Center
Riflemen Squad
Construct Motor Pool
Designate Forward Repair Station
M8 Greyhound Armored Car
Selects Fast Deploy
Selects M31 Recovery Vehicle
M1918 Browning Automatic Rifles
Grenade Package
Riflemen Squad
Construct Tank Depot
Selects War Machine
Selects Seek and Destroy
M1 Anti-tank Gun Team
Selects UNKNOWN (2160077)
M4A3E8 Sherman Easy Eight
M4A3E8 Sherman Easy Eight
M4A3E8 Sherman Easy Eight
M1 Anti-tank Gun Team
M18 Hellcat Tank Destroyer
Scout Squad
M4A3E8 Sherman Easy Eight
M4A3E8 Sherman Easy Eight
Improvised Armor
M8 Greyhound Armored Car
M3 75 mm Gun Motor Carriage
AI Takeover
DPSdumb
来自地狱的猫咪
JEFG
Seocheon
0
0
Comments
sign in to comment!
No comments posted yet!